AoeStats
← 入秋

Enclosed

504087290Analyzed
1v1 RM · 28d ago on Sep 3, 2026· 29m 2s· 2 players
Game mode
Random Map
Map size
Tiny (2 player)
Population
200
Speed
Normal
Resources
Standard
Victory
Conquest
Starting age
Dark Age
Ending age
Imperial Age
RankedLock teamsTeams togetherTeam positionsShared explorationLock speedFull tech treeHidden civsTurbo modeCheats
Victory
Defeat
🇨🇳 Cumans · China
1111
+15
🇹🇷 Celts · Türkiye
1090
-15
rzylmz10
7:43 Loom
10:23 Feudal Age
15:59 Castle Age
14:35 Double-Bit Axe
14:32 Horse Collar
18:35 Bow Saw
18:29 Heavy Plow
18:22 Gold Mining
19:16 Forging
19:07 Scale Mail Armor
20:15 Gold Shaft Mining
21:49 Iron Casting
25:58 Arson
26:41 Chain Mail Armor
27:10 Town Watch
26:49 Pikeman
入秋
6:18 Loom
9:44 Feudal Age
10:21 Double-Bit Axe
11:15 Wheelbarrow
20:34 Castle Age
18:33 Gold Mining
19:48 Bloodlines
19:52 Forging
20:23 Scale Barding Armor
22:16 Bow Saw
26:44 Iron Casting
26:29 Chain Barding Armor
Connection lost

Rejoining the realm…

Still unreachable

The connection could not be restored.

Session expired

The server has moved on; the page needs a fresh start.